 Dungeon Crawl Stone Soup version 0.31-a0-700-gf13585253f (webtiles) character file.

Game seed: 17467836537311404097

42 qw the Shooter (level 3, -5/22 HPs)
             Began as a Gargoyle Hunter on Sept 7, 2023.
             Slain by Sigmund
             ... wielding a +0 scythe
              (9 damage)
             ... on level 2 of the Dungeon.
             The game lasted 00:00:27 (1088 turns).

qw the Shooter (Gargoyle Hunter)                    Turns: 1088, Time: 00:00:28

Health: -5/22      AC:  9    Str: 14    XL:     3   Next: 54%
Magic:  3/3        EV: 11    Int:  9    God:
Gold:   116        SH:  0    Dex: 15    Spells: 2/2 levels left

rFire   . . .        Y - +0 shortbow
rCold   . . .        (shield currently unavailable)
rNeg    + . .        c - +0 leather armour
rPois   inf          (no helmet)
rElec   +            g - +1 cloak {Will+}
rCorr   .            d - +0 pair of gloves
SInv    .            (no boots)
Will    +....        (no amulet)
Stlth   ++           (no ring)
HPRegen 0.23/turn    (no ring)
MPRegen 0.08/turn

%: no passive effects
@: no status effects
A: sickness immunity, AC +3, negative energy resistance 1, electricity
resistance, torment resistance 1, petrification resistance
a: no special abilities


You were on level 2 of the Dungeon.
You visited 1 branch of the dungeon, and saw 2 of its levels.

You collected 116 gold pieces.


Innate Abilities, Weirdness & Mutations

You are immune to sickness and miasma.
Your stone body is resilient. (AC +3)
You are immune to poison.
You resist negative energy. (rN+)
You are resistant to electric shocks. (rElec)
You are resistant to unholy torment.
You are immune to petrification.


   Skills:
 + Level 2.7 Fighting
 - Level 5.0 Ranged Weapons
 - Level 1.5 Dodging
 - Level 1.1 Stealth


You had 2 spell levels left.
You didn't know any spells.
Your spell library was empty.

Inventory:

Hand Weapons
 Y - a +0 shortbow (weapon)
Armour
 c - a +0 leather armour (worn)
 d - a +0 pair of gloves (worn)
 g - a +1 cloak of willpower (worn)
Jewellery
 b - a ring of protection from cold
Scrolls
 a - a scroll of identify {unknown}
Potions
 e - a potion of might {unknown}
 h - a potion of magic {unknown}

Dungeon Overview and Level Annotations

Branches:
Dungeon (2/15)

Altars:

Shops:
D:1 (

Annotations:
D:2 Sigmund


Message History

The endoplasm quivers.
The arrow hits the endoplasm but does no damage.
You shoot an arrow. The arrow hits the endoplasm!
You kill the endoplasm!
You see here 3 scrolls of noise.
A ball python comes into view.
You shoot an arrow. The arrow hits the ball python.
You kill the ball python!
b - a ring of protection from cold You now have 116 gold pieces (gained 6).
Sigmund the Dreaded comes into view.
He is wielding a +0 scythe.
Sigmund shouts!
You shoot an arrow.
The arrow hits Sigmund but does no damage.
You shoot an arrow. The arrow hits Sigmund.
Sigmund is lightly wounded.
You shoot an arrow. The arrow closely misses Sigmund.
You shoot an arrow. The arrow closely misses Sigmund.
Sigmund gestures wildly while chanting.
Sigmund flickers and vanishes!
Deactivating autopickup; reactivate with Ctrl-A.
You shoot an arrow. Something hits you but does no damage.
You shoot an arrow. Something hits you!
You shoot an arrow. You shoot an arrow. Something hits you but does no damage.
You shoot an arrow. Something hits you!
You shoot an arrow. Something hits you.
You shoot an arrow. Something hits you but does no damage.
You shoot an arrow.
You hear some strange, mumbled words.
Something tries to affect you, but you resist.
You shoot an arrow. Something hits you!
You die...

.. .# .# #.# .# #.#
.# #.# {#
######.######.#.#
#####...........@...#
....#.##.#.###.##.###
###.#.##.#.###.##.#
##................#
...........###.####
...##.###### #.#
#####.# #.# #.# #.#
#.# #.#


There were no monsters in sight!

Vanquished Creatures
  A worm (D:2)
  A dart slug (D:1)
  4 endoplasms
  2 giant cockroaches
  5 goblins (D:1)
  2 hobgoblins (D:2)
  6 jackals (D:1)
  2 kobolds
  3 ball pythons
  6 bats
  A frilled lizard (D:1)
  A rat (D:1)
34 creatures vanquished.

Notes
Turn   | Place    | Note
-------+----------+-------------------------------------------
     0 | D:1      | qw the Gargoyle Hunter began the quest for the Orb.
     0 | D:1      | Reached XP level 1. HP: 12/12 MP: 1/1
     0 | D:1      | 0 ||| qw: Version: 0.3-a-76-g4403597
     0 | D:1      | 0 ||| qw: Game counter: 527
     0 | D:1      | 0 ||| qw: Melee chars always use a shield: true
     0 | D:1      | 0 ||| qw: God list: Okawaru
     0 | D:1      | 0 ||| qw: Allow faded altars: false
     0 | D:1      | 0 ||| qw: Do Orc after clearing Dungeon:15 true
     0 | D:1      | 0 ||| qw: Do second Lair branch before Depths: true
     0 | D:1      | 0 ||| qw: Lair rune preference: random
     0 | D:1      | 0 ||| qw: Goals: Normal
     0 | D:1      | 0 ||| PLANNING D:1-11
    54 | D:1      | Reached XP level 2. HP: 15/17 MP: 2/2
   299 | D:1      | Reached XP level 3. HP: 21/21 MP: 3/3
   302 | D:1      | Found Kiobeotz's Weapon Shop.
   445 | D:1      | Reached skill level 5 in Ranged Weapons
   751 | D:1      | 751 ||| UPGRADING to +0 pair of gloves.
   756 | D:1      | 756 ||| UPGRADING to +1 cloak of willpower.
   761 | D:1      | 761 ||| READING scroll labelled GECEHU KURR.
   762 | D:1      | 762 ||| DROPPING scroll of butterflies.
  1075 | D:2      | Noticed Sigmund
  1085 | D:2      | HP: 3/22 [something (3)]
  1088 | D:2      | Slain by Sigmund

Levels and vault maps discovered:
D:1:      psy_arrival_basics, layout_loops_ring, serial_shops,
          nicolae_shop_tiny_statue_garden
D:2:      layout_loops_ring, shapermc_ecumenical_altar_hornbeckon, uniq_sigmund

Skill      XL: |  1  2  3 |
---------------+----------+-----
Ranged Weapons | 5 |  5.0
Fighting       | |  2.7
Dodging        | |  1.5
Stealth        | |  1.1

Action                     || total
---------------------------++-------
   Fire: Shortbow          ||   123
    Use: Scroll            ||     1
 Armour: Leather armour    ||    32
  Dodge: Dodged            ||    29

Table legend:
 A = Non-vault XP
 B = Vault XP
 C = Vault XP percentage of total XP
 D = Non-vault monster count
 E = Vault monster count
 F = Vault count percentage of total count
                 A         B        C        D         E       F
            +---------+---------+-------+---------+---------+-------
      Total |      60 |       0 |   0.0 |      34 |       0 |   0.0
            +---------+---------+-------+---------+---------+-------
        D:1 |      43 |       0 |   0.0 |      25 |       0 |   0.0
        D:2 |      17 |       0 |   0.0 |       9 |       0 |   0.0
            +---------+---------+-------+---------+---------+-------
